 Dungeon Crawl Stone Soup version 0.30-a0-1042-gacf32f4bd3 (webtiles) character file.

Game seed: 16821585311269772604

190804 Kenran the Warrior (level 18, -9/175 HPs)
             Began as a Merfolk Fighter on Apr 8, 2023.
             Was the Champion of Ashenzari.
             Mangled by a 19-headed hydra (10 damage)
             ... on level 3 of the Swamp on Apr 9, 2023.
             The game lasted 01:45:05 (36074 turns).

Kenran the Warrior (Merfolk Fighter)               Turns: 36074, Time: 01:45:05

Health: -9/175     AC: 33    Str: 21    XL:     18   Next: 62%
Magic:  19/19      EV: 15    Int:  8    God:    Ashenzari [******]
Gold:   2984       SH: 15    Dex: 16    Spells: 18/18 levels left

rFire   + . .      SeeInvis +    a - +8 long sword of Supernal Wisdom {spect, Fort, Elem} (curse)
rCold   + . .      Faith    .    z - +1 kite shield of Ashenzari's Loss {reflect, Evo, Bglg} (curse)
rNeg    . . .      Spirit   .    I - +1 plate armour of the Esoteric Mistrust {rC+, Evo, Fort} (curse)
rPois   .          Reflect  +    q - +1 helmet of the Restrained Welkin {Self, Cun} (curse)
rElec   .          Rampage  .    C - +1 cloak of the Unveiling Shame {Melee, Self} (curse)
rCorr   .          Clarity  +    r - +2 pair of gloves "Eternal Together" {Elem, Melee} (curse)
Will    +....                    c - +1 pair of boots of Apeoromancy {Melee, Alch} (curse) Stlth
                                 u - amulet of Ashenzari's Moon {Regen+, Alch, Evo} (curse)
HPRegen 1.29/turn                F - ring of the Fated Burden {AC+4, Range, Melee} (curse)
MPRegen 0.16/turn                j - ring of Panopticon {rF+, Elem, Self} (curse)

@: studying Staves
A: (nimble swimmer 2), mertail, deterioration 1
a: Renounce Religion, Shatter the Chains


You were on level 3 of the Swamp.
You worshipped Ashenzari.
Ashenzari was exalted by your worship.
You visited 5 branches of the dungeon, and saw 30 of its levels.
You also visited: Ice Cave.

You collected 2984 gold pieces.

Inventory:

Hand Weapons
 a - the cursed +8 long sword of Supernal Wisdom (weapon) {spect, Fort, Elem}
   (You subdued it on level 14 of the Dungeon)

   It has a curse which improves the following skills: Fortitude: Armour and
   Shields.
   Elements:  Fire Magic, Ice Magic, Air Magic and Earth Magic.
Missiles
 i - 7 throwing nets (quivered)
Armour
 c - the cursed +1 pair of boots of Apeoromancy (worn) {Melee, Alch}
   (You found it on level 12 of the Dungeon)

   It has a curse which improves the following skills: Melee Combat: Short
   Blades, Long Blades, Axes, Maces & Flails, Polearms, Staves and Unarmed
   Combat.
   Alchemy:   Poison Magic and Transmutations.
 q - the cursed +1 helmet of the Restrained Welkin (worn) {Self, Cun}
   (You took it off Robin on level 2 of the Dungeon)

   It has a curse which improves the following skills: Introspection: Fighting
   and Spellcasting.
   Cunning:   Dodging and Stealth.
 r - the cursed +2 pair of gloves "Eternal Together" (worn) {Elem, Melee}
   (You found it on level 3 of the Lair of Beasts)

   It has a curse which improves the following skills: Elements: Fire Magic, Ice
   Magic, Air Magic and Earth Magic.
   Melee Combat: Short Blades, Long Blades, Axes, Maces & Flails, Polearms,
   Staves and Unarmed Combat.
 z - the cursed +1 kite shield of Ashenzari's Loss (worn) {reflect, Evo, Bglg}
   (You took it off Donald on level 1 of the Spider Nest)

   It has a curse which improves the following skills: Evocations: Evocations.
   Beguiling: Conjurations, Hexes and Translocations.
 C - the cursed +1 cloak of the Unveiling Shame (worn) {Melee, Self}
   (You found it on level 9 of the Dungeon)

   It has a curse which improves the following skills: Melee Combat: Short
   Blades, Long Blades, Axes, Maces & Flails, Polearms, Staves and Unarmed
   Combat.
   Introspection: Fighting and Spellcasting.
 I - the cursed +1 plate armour of the Esoteric Mistrust (worn) {rC+, Evo, Fort}
   (You found it in an ice cave)

   It has a curse which improves the following skills: Evocations: Evocations.
   Fortitude: Armour and Shields.
Jewellery
 j - the cursed ring of Panopticon (right hand) {rF+, Elem, Self}
   (You found it on level 5 of the Dungeon)

   [ring of protection from fire]

   rF:        It protects you from fire.
   It has a curse which improves the following skills: Elements: Fire Magic, Ice
   Magic, Air Magic and Earth Magic.
   Introspection: Fighting and Spellcasting.
 u - the cursed amulet of Ashenzari's Moon (around neck) {Regen+, Alch, Evo}
   (You found it on level 2 of the Dungeon)

   [amulet of regeneration]

   Regen:     It increases your rate of health regeneration.
   It has a curse which improves the following skills: Alchemy: Poison Magic and
   Transmutations.
   Evocations: Evocations.
 F - the cursed ring of the Fated Burden (left hand) {AC+4, Range, Melee}
   (You found it on level 5 of the Dungeon)

   [ring of protection]

   AC:        It affects your AC (+4).
   It has a curse which improves the following skills: Ranged Combat: Ranged
   Weapons and Throwing.
   Melee Combat: Short Blades, Long Blades, Axes, Maces & Flails, Polearms,
   Staves and Unarmed Combat.
 M - a ring of willpower
Wands
 f - a wand of polymorph (3)
 h - a wand of flame (16)
 p - a wand of acid (6)
 w - a wand of iceblast (17)
 D - a wand of charming (55)
 N - a wand of digging (6)
Scrolls
 l - 5 scrolls of fog
 m - 2 scrolls of enchant weapon
 o - 2 scrolls of butterflies
 t - 5 scrolls of magic mapping
 v - 6 scrolls of fear
 x - 5 scrolls of blinking
 y - 3 scrolls of enchant armour
 A - 10 scrolls of teleportation
 Q - 2 scrolls of brand weapon
Potions
 d - 5 potions of might
 e - 5 potions of attraction {!q}
 g - 5 potions of magic
 k - 3 potions of heal wounds {@q2}
 n - 8 potions of brilliance
 s - 8 potions of curing {@q1}
 B - a potion of cancellation
 E - a potion of ambrosia
 J - a potion of resistance
 K - a potion of flight
Miscellaneous
 b - a phial of floods
 G - a phantom mirror
 H - a lightning rod (4/4)
 L - a condenser vane


   Skills:
 - Level 20.1(24.5) Fighting
 - Level 13.6(19.3) Long Blades
 - Level 12.0(15.5) Armour
 + Level 17.6(19.9) Dodging
 - Level 13.7(17.2) Shields
 - Level 9.8(14.5) Evocations


You had 18 spell levels left.
You didn't know any spells.
Your spell library contained the following spells:

 Spells                   Type           Power      Damage    Failure   Level
 Kiss of Death            Conj/Necr      0%         2d5       99%         1
 Magic Dart               Conj           0%         1d3       99%         1
 Summon Small Mammal      Summ           0%         N/A       99%         1
 Searing Ray              Conj           0%         2d4       100%        2
 Sublimation of Blood     Necr           0%         N/A       100%        2
 Call Canine Familiar     Summ           0%         N/A       100%        3
 Confusing Touch          Hex            0%         N/A       100%        3
 Frozen Ramparts          Ice            2%         1d1       100%        3
 Hailstorm                Conj/Ice       1%         3d3       100%        3
 Inner Flame              Hex/Fire       1%         N/A       100%        3
 Portal Projectile        Hex/Tloc       0%         N/A       100%        3
 Summon Guardian Golem    Hex/Summ       0%         N/A       100%        3
 Anguish                  Hex/Necr       0%         N/A       100%        4
 Cause Fear               Hex            0%         N/A       100%        4
 Dispel Undead            Necr           0%         3d6       100%        4
 Flame Wave               Conj/Fire      1%         2d4       100%        4
 Fulminant Prism          Conj/Hex       0%         3d5       100%        4
 Ice Form                 Ice/Tmut       1%         N/A       100%        4
 Leda's Liquefaction      Hex/Erth       0%         N/A       100%        4
 Manifold Assault         Tloc           0%         N/A       100%        4
 Petrify                  Tmut/Erth      1%         N/A       100%        4
 Sticky Flame             Conj/Fire      1%         2d3       100%        4
 Summon Ice Beast         Ice/Summ       0%         N/A       100%        4
 Summon Lightning Spire   Summ/Air       0%         N/A       100%        4
 Irradiate                Conj/Tmut      0%         3d11      100%        5
 Summon Forest            Summ/Tloc      0%         N/A       100%        5
 Dispersal                Tloc           0%         N/A       100%        6
 Simulacrum               Ice/Necr       0%         N/A       100%        6
 Enfeeble                 Hex            0%         N/A       100%        7
 Storm Form               Tmut/Air       0%         N/A       100%        7
 Disjunction              Tloc           0%         N/A       100%        8
 Maxwell's Capacitive Co  Air            0%         ∞         100%        8


Dungeon Overview and Level Annotations

Branches:
Dungeon (15/15)            Temple (0/1) D:5            Lair (5/5) D:11
  Swamp (4/4) Lair:3       Spider (4/4) Lair:2        Slime (0/5) Lair:5
    Orc (2/2) D:11            Elf (0/3) Orc:2        Vaults (0/5) D:14
 Depths (0/4) D:15          IceCv (visited)

Altars:
Ashenzari
Elyvilon
Hepliaklqana
Kikubaaqudgha
Makhleb
Qazlal
Uskayaw
Wu Jian
Yredelemnul
Jiyva

Shops:
D:12 (   D:14 (   Orc:2 =:[[

Annotations:
D:8 exclusion: downstairs, Gastronok
D:9 exclusion: downstairs
Lair:4 exclusion: downstairs
Spider:4 Mara


Innate Abilities, Weirdness & Mutations

((You are very nimble when in or above water. (Stealth+, EV+, Speed+++)))
Your lower body shifts to a powerful aquatic tail in water.
Your body sometimes deteriorates upon taking damage.


Message History

The 19-headed hydra completely misses you.
The 19-headed hydra bites you!
* * * LOW HITPOINT WARNING * * *
The 19-headed hydra bites you!
* * * LOW HITPOINT WARNING * * *
The 19-headed hydra bites you but does no damage.
The 19-headed hydra completely misses you.
The 19-headed hydra bites you!
* * * LOW HITPOINT WARNING * * *
The 19-headed hydra misses you.
The 19-headed hydra bites you but does no damage.
The 19-headed hydra bites you.
* * * LOW HITPOINT WARNING * * *
The 19-headed hydra bites you but does no damage.
You block the 19-headed hydra's attack.
The 19-headed hydra bites you but does no damage.
The 19-headed hydra bites you.
* * * LOW HITPOINT WARNING * * *
You chop one of the 19-headed hydra's heads off!
The 18-headed hydra grows two more!
You slice the 20-headed hydra!!
The 20-headed hydra is moderately wounded.
Your +8 long sword of Supernal Wisdom {spect, Fort, Elem} hits the 20-headed hydra!!
Your +8 long sword of Supernal Wisdom {spect, Fort, Elem} slices one of the 20-headed hydra's heads off!
The 19-headed hydra misses your +8 long sword of Supernal Wisdom {spect, Fort, Elem}.
The 19-headed hydra closely misses your +8 long sword of Supernal Wisdom {spect, Fort, Elem}.
The 19-headed hydra bites your +8 long sword of Supernal Wisdom {spect, Fort, Elem}!
Your spectral weapon shares its damage with you!
* * * LOW HITPOINT WARNING * * *
The 19-headed hydra bites your +8 long sword of Supernal Wisdom {spect, Fort, Elem} but does no damage.
The 19-headed hydra closely misses your +8 long sword of Supernal Wisdom {spect, Fort, Elem}.
The 19-headed hydra bites your +8 long sword of Supernal Wisdom {spect, Fort, Elem}!
Your spectral weapon shares its damage with you!
Your +8 long sword of Supernal Wisdom {spect, Fort, Elem} fades away.
* * * LOW HITPOINT WARNING * * *
The 19-headed hydra bites you but does no damage. x2
You block the 19-headed hydra's attack. The 19-headed hydra misses you.
The 19-headed hydra bites you but does no damage.
The 19-headed hydra completely misses you.
The 19-headed hydra bites you!
You die...

♣...♣♣♣♣....#... ♣.♣♣.♣♣..~..####
♣...♣♣.......... ♣♣.≈.§~~~~......
♣♣♣ ♣♣....~~~~.~~~~. ♣.♣♣
♣~.>..~.~~~.♣..♣ ~~.♣
♣♣~...~~~~~~~.... ..♣♣
♣♣÷.~§§.~~~~~§~... .♣♣
♣♣@†~.~.§~.....~♣.♣ ~.♣♣ ♣♣♣
♣♣.D~~~~.~~~~.~~.~~. ...♣♣♣♣.♣♣
♣♣♣~.§~~.~~~~~~~~~~.~~
~~..♣♣.~.♣♣♣~~~~~...~~.§~~.~†...♣
.~.^♣~♣.)...~..~.♣~♣.~~~~~~♣~~~~~
~....~..~.♣♣..§~~~~~~~~.~~~~~~♣~~
♣~~§~...~♣♣...~.~~~~.~~~~~~~~~~.~
≈♣...~.♣♣♣♣........[.♣(..~~.~~.~.
≈♣....♣.♣♣..#####..♣♣♣♣♣...~~.~~♣


You could see a 19-headed hydra.

Vanquished Creatures
  Nikola (Swamp:3)
  Mlioglotl (Spider:2)
  An acid blob (Spider:3)
  Kirke (D:10)
  Donald (Spider:1)
  A frost giant (IceCv)
  A ghost moth (Spider:3)
  4 emperor scorpions
  Louise (Spider:2)
  The ghost of Afiqoirph the Eclecticist, an adept DECj of Vehumet (D:15)
  5 broodmothers
  Nessos (D:15)
  3 eleionomae
  6 bunyips
  A spark wasp (Spider:2)
  Snorg (D:14)
  5 entropy weavers
  Fannar (D:10)
  2 ghost crabs
  A rakshasa (D:11)
  7 boulder beetles
  3 catoblepae (Lair:5)
  8 hydras
  5 centaur warriors
  5 two-headed ogres
  2 dancing weapons (D:14)
  2 tengu warriors
  A radroach (Spider:3)
  28 death yaks
  7 alligators
  4 orc high priests
  Sonja (Lair:4)
  A fire crab (Lair:5)
  A goliath frog (Swamp:3)
  3 sun moths
  4 skysharks
  5 skeletal warriors (D:15)
  4 spriggan druids
  6 pharaoh ants
  2 slime creatures (D:14)
  A flayed ghost (D:15)
  3 orb spiders
  An obsidian statue (D:15)
  3 bog bodies
  6 steelbarb worms
  2 swamp dragons
  7 orc knights
  A wizard (D:15)
  An oklob plant (Spider:3)
  6 orc sorcerers
  A necromancer (D:15)
  2 deep elf pyromancers
  17 wolf spiders
  A fire giant zombie (D:15)
  12 ugly things
  11 cyclopes
  3 will-o-the-wisps
  6 manticores
  16 elephants
  A frost giant skeleton (D:15)
  2 centaur zombies (D:10)
  4 moths of wrath
  5 black mambas
  An ice statue (IceCv)
  An unseen horror (D:11)
  16 cane toads
  5 demonic crawlers
  8 torpor snails
  5 yaktaurs (D:15)
  A rime drake (Lair:2)
  9 komodo dragons
  A tengu conjurer (D:14)
  9 meliai (Spider:2)
  14 polar bears
  12 trolls
  20 tarantellas
  5 tyrant leeches
  A hornet (Swamp:2)
  A snapping turtle (shapeshifter) (D:15)
  9 dream sheep
  10 blink frogs
  A centaur simulacrum (D:15)
  3 wraiths
  A culicivora (shapeshifter) (D:14)
  3 spriggans (Swamp:2)
  26 jumping spiders
  A vampire (D:14)
  5 basilisks
  8 wyverns
  A water elemental (D:13)
  63 yaks
  A shadow (D:11)
  16 culicivoras
  A steam dragon (D:11)
  3 hogs (D:11)
  37 redbacks
  16 vampire mosquitoes
  A human zombie (D:15)
  13 swamp worms
  4 wargs
  6 acid dragons (Spider:3)
  A hell hound (Spider:2)
  15 water moccasins
  A swamp drake (Swamp:2)
  A glowing shapeshifter skeleton (D:15)
  23 orc warriors
  A sky beast (D:7)
  2 black bears
  2 ogres
  33 wolves
  20 centaurs
  A phantom (D:5)
  3 kobold brigands
  16 bullfrogs
  3 gnoll sergeants
  3 scorpions
  4 wights (D:9)
  21 killer bees
  A howler monkey (D:10)
  4 electric eels
  3 hounds
  21 orc priests
  6 iguanas
  2 sleepcaps
  Natasha (twice) (D:2)
  33 orc wizards
  A hell rat (Lair:2)
  15 gnolls
  Robin (D:2)
  8 adders
  3 shadow imps
  2 white imps
  2 dart slugs
  89 orcs
  6 ball pythons
  7 bats
  4 endoplasms
  2 giant cockroaches
  16 goblins
  8 hobgoblins
  8 jackals (D:1)
  19 kobolds
  9 quokkas
  3 training dummies (D:14)
  4 frilled lizards
  6 rats
1023 creatures vanquished.

Vanquished Creatures (collateral kills)
  A hydra (Lair:2)
  A water moccasin (Lair:2)
2 creatures vanquished.

Vanquished Creatures (others)
  A will-o-the-wisp (Swamp:3)
  3 bloated husks
  3 humans (D:12)
  2 orc wizards
  2 orcs (Orc:2)
  22 foxfires
  21 fungi
  37 plants
  7 withered plants (D:15)
98 creatures vanquished.

Grand Total: 1123 creatures vanquished

Notes
Turn   | Place    | Note
-------+----------+-------------------------------------------
     0 | D:1      | Kenran the Merfolk Fighter began the quest for the Orb.
     0 | D:1      | Reached XP level 1. HP: 18/18 MP: 1/1
   156 | D:1      | Reached XP level 2. HP: 24/24 MP: 2/2
   301 | D:1      | Reached XP level 3. HP: 26/29 MP: 3/3
  1002 | D:2      | Noticed Robin
  1102 | D:1      | Reached XP level 4. HP: 29/37 MP: 4/4
  1179 | D:2      | Killed Robin
  1180 | D:2      | Reached skill level 4 in Fighting
  1457 | D:2      | Noticed Natasha
  1468 | D:2      | Killed Natasha
  1469 | D:2      | Reached skill level 5 in Long Blades
  1469 | D:2      | Reached XP level 5. HP: 36/42 MP: 5/5
  1633 | D:2      | Noticed Natasha
  1642 | D:2      | Killed Natasha
  1643 | D:2      | Reached skill level 1 in Dodging
  1992 | D:3      | Found a white marble altar of Elyvilon.
  2014 | D:3      | Reached XP level 6. HP: 31/48 MP: 6/6
  2137 | D:3      | Found an ornate altar of the Wu Jian Council.
  2163 | D:3      | Found a broken altar of Ashenzari.
  2179 | D:3      | Became a worshipper of Ashenzari the Shackled
  2527 | D:3      | Found an ancient bone altar of Kikubaaqudgha.
  2818 | D:4      | Found a stormy altar of Qazlal.
  2878 | D:4      | Identified the +10 rapier of the Gloaming {protect, *Rage
                  | rElec Int+4}
  2954 | D:4      | Reached * piety under Ashenzari
  3244 | D:5      | Entered Level 5 of the Dungeon
  3496 | D:5      | Reached XP level 7. HP: 53/54 MP: 7/7
  3543 | D:5      | Found a staircase to the Ecumenical Temple.
  3559 | D:5      | Reached ** piety under Ashenzari
  3761 | D:5      | Reached skill level 5 in Fighting
  4019 | D:5      | Reached XP level 8. HP: 65/65 MP: 8/8
  4515 | D:6      | Found a hide-covered altar of Uskayaw.
  4893 | D:6      | Reached skill level 1 in Evocations
  5203 | D:7      | Reached skill level 6 in Fighting
  5409 | D:7      | Reached XP level 9. HP: 63/72 MP: 9/9
  5892 | D:8      | Reached skill level 10 in Long Blades
  5914 | D:8      | Noticed Gastronok
  5922 | D:8      | Noticed an orc sorcerer
  5924 | D:8      | Noticed an orc sorcerer
  5930 | D:8      | Noticed a rust devil
  5930 | D:8      | Reached skill level 10 in Fighting
  5930 | D:8      | Reached XP level 10. HP: 72/87 MP: 10/10
  5934 | D:8      | Noticed a smoke demon
  5937 | D:8      | Noticed a soul eater
  6128 | D:8      | Noticed a rust devil
  6132 | D:8      | Killed an orc sorcerer
  6269 | D:8      | Killed an orc sorcerer
  6404 | D:8      | Found a burning altar of Makhleb.
  6404 | D:8      | Noticed a green death
  6637 | D:9      | Noticed a two-headed ogre
  6637 | D:9      | Noticed a two-headed ogre
  6881 | D:9      | Reached skill level 5 in Dodging
  7000 | D:9      | Killed a two-headed ogre
  7001 | D:9      | Reached XP level 11. HP: 82/95 MP: 11/11
  7103 | D:9      | Killed a two-headed ogre
  7104 | D:9      | Reached skill level 5 in Evocations
  7104 | D:9      | Reached skill level 11 in Fighting
  7304 | D:9      | Upgraded the game from 0.30-a0-1035-g38d5fb2972 to
                  | 0.30-a0-1042-gacf32f4bd3
  7323 | D:10     | Entered Level 10 of the Dungeon
  7326 | D:10     | Reached *** piety under Ashenzari
  7549 | D:10     | Noticed Fannar
  7568 | D:10     | Noticed a boulder beetle
  7681 | D:9      | Killed a boulder beetle
  7812 | D:10     | Noticed a two-headed ogre
  7816 | D:10     | Killed a two-headed ogre
  7895 | D:10     | Reached skill level 12 in Fighting
  7899 | D:10     | Found a basalt altar of Yredelemnul.
  8054 | D:10     | Found a hazy altar of Hepliaklqana.
  8092 | D:11     | Reached **** piety under Ashenzari
  8184 | D:11     | Noticed a manticore
  8199 | D:11     | Killed a manticore
  8379 | D:11     | Reached XP level 12. HP: 16/108 MP: 12/12
  8469 | D:11     | Found a staircase to the Orcish Mines.
  8509 | D:11     | Noticed a boulder beetle
  8531 | D:11     | Killed a boulder beetle
  8692 | D:11     | Noticed a boulder beetle
  8696 | D:11     | Noticed a rakshasa
  8704 | D:11     | Killed a boulder beetle
  8742 | D:11     | Killed a rakshasa
  8743 | D:11     | Reached skill level 5 in Shields
  9627 | D:11     | Found a staircase to the Lair.
  9652 | Lair:1   | Entered Level 1 of the Lair of Beasts
 10660 | Lair:2   | Identified the +2 mace of Vengeance {heavy, +Blink Will+
                  | Str+3}
 10875 | Lair:2   | Found a hole to the Spider Nest.
 11502 | Lair:2   | Reached XP level 13. HP: 107/117 MP: 13/13
 11709 | Lair:2   | Reached skill level 10 in Dodging
 13092 | Lair:2   | Found a hole to the Spider Nest.
 13951 | Lair:3   | Reached skill level 13 in Fighting
 14428 | Lair:3   | Found a staircase to the Swamp.
 14579 | Lair:3   | Found a basalt altar of Yredelemnul.
 14737 | Lair:3   | Reached XP level 14. HP: 112/126 MP: 14/14
 15557 | Lair:4   | Noticed Sonja
 15560 | Lair:4   | Killed Sonja
 15926 | Lair:4   | Found a frozen archway.
 15940 | Lair:4   | Reached skill level 14 in Fighting
 15944 | IceCv    | Entered an ice cave
 16008 | IceCv    | Identified the +4 mace of Tenacity {heavy, rF+}
 16481 | IceCv    | Noticed a frost giant
 16493 | IceCv    | Killed a frost giant
 17756 | Lair:5   | Entered Level 5 of the Lair of Beasts
 18156 | Lair:5   | Reached skill level 10 in Armour
 18190 | Lair:5   | Found a viscous altar of Jiyva.
 18191 | Lair:5   | Found a staircase to the Slime Pits.
 18316 | Lair:5   | Reached XP level 15. HP: 138/138 MP: 15/15
 19290 | Lair:5   | Reached skill level 10 in Shields
 19833 | Lair:5   | Identified the +0 leather armour "Xegoikya" {Int+4}
 20132 | Lair:5   | Reached ***** piety under Ashenzari
 20561 | D:10     | Killed Fannar
 20742 | D:12     | Noticed Kirke
 20748 | D:12     | Noticed Maurice
 20822 | D:10     | Identified the cursed +1 cloak of the Unveiling Shame
                  | {Melee, Self} (You found it on level 9 of the Dungeon)
 20822 | D:10     | Identified the cursed +1 helmet of the Restrained Welkin
                  | {Self, Cun} (You took it off Robin on level 2 of the
                  | Dungeon)
 20822 | D:10     | Identified the cursed +2 pair of gloves "Eternal Together"
                  | {Elem, Melee} (You found it on level 3 of the Lair of
                  | Beasts)
 20822 | D:10     | Identified the cursed +2 buckler "Shattered Secrets" {rC+,
                  | Self, Evo} (You found it in an ice cave)
 20822 | D:10     | Identified the cursed +1 plate armour of the Esoteric
                  | Mistrust {rC+, Evo, Fort} (You found it in an ice cave)
 20822 | D:10     | Identified the cursed ring of the Fated Burden {AC+4,
                  | Range, Melee} (You found it on level 5 of the Dungeon)
 20822 | D:10     | Identified the cursed ring of Panopticon {rF+, Elem, Self}
                  | (You found it on level 5 of the Dungeon)
 20832 | D:11     | Noticed a sphinx
 20847 | D:10     | Killed Kirke
 20878 | D:12     | Maurice changed into Maurice the warg
 20878 | D:12     | Noticed Maurice
 20894 | D:12     | Killed Maurice the warg
 20903 | D:12     | Found Xejah's Weapon Boutique.
 21679 | D:13     | Identified the cursed +1 pair of boots of Apeoromancy
                  | {Melee, Alch} (You found it on level 12 of the Dungeon)
 21816 | D:13     | Reached skill level 15 in Fighting
 22174 | Orc:1    | Entered Level 1 of the Orcish Mines
 22462 | Orc:1    | Reached ****** piety under Ashenzari
 22471 | Orc:2    | Entered Level 2 of the Orcish Mines
 22655 | Orc:1    | Gained mutation: Your body sometimes deteriorates upon
                  | taking damage. [a neqoxec]
 22869 | Orc:2    | Paralysed by an orc sorcerer for 2 turns
 23015 | Orc:2    | Reached XP level 16. HP: 123/149 MP: 17/17
 23022 | Orc:1    | Paralysed by an orc sorcerer for 4 turns
 23456 | Orc:1    | Reached skill level 16 in Fighting
 23492 | Orc:2    | Found Jemul's Armour Shoppe.
 23492 | Orc:2    | Found Kyughium's Antique Armour Shop.
 23494 | Orc:2    | Found Racydd's Book Shoppe.
 23494 | Orc:2    | Found Qusseliu's Jewellery Shop.
 23925 | Orc:2    | Found a staircase to the Elven Halls.
 24910 | D:14     | Found Derch's Firing Range.
 25210 | D:14     | Noticed Snorg
 25240 | D:14     | Killed Snorg
 25297 | D:14     | Found a gate to the Vaults.
 25595 | D:15     | Entered Level 15 of the Dungeon
 25782 | D:15     | Found a transporter.
 25809 | D:15     | Identified the Elucidation of Sharkskin
 25815 | D:15     | Noticed Afiqoirph's ghost (adept DECj)
 25972 | D:15     | Found a staircase to the Depths.
 25989 | D:15     | Reached skill level 15 in Dodging
 26076 | D:15     | Noticed Nessos
 26091 | D:15     | Killed Nessos
 26356 | D:15     | Identified the +9 falchion of Causality {vamp, Str+3
                  | Stlth+}
 26392 | D:15     | Found a transporter.
 26722 | D:15     | Reached skill level 17 in Fighting
 26726 | D:15     | Killed Afiqoirph's ghost
 27249 | Swamp:1  | Entered Level 1 of the Swamp
 27250 | Swamp:1  | Identified the orb of Ysofubun {*channel, Str+6 Int-5}
 27371 | Spider:1 | Entered Level 1 of the Spider Nest
 27835 | Spider:1 | Reached XP level 17. HP: 91/160 MP: 18/18
 28402 | Spider:1 | Noticed Donald
 28422 | Spider:1 | Killed Donald
 29642 | Spider:2 | Identified the +0 halberd of Gluttony {pain, Fly Int+5
                  | Stlth-}
 30240 | Spider:2 | Noticed Louise
 30262 | Spider:2 | Reached skill level 18 in Fighting
 30288 | Spider:2 | Killed Louise
 30449 | Spider:2 | Noticed Mlioglotl
 30464 | Spider:2 | Killed Mlioglotl
 31641 | Spider:2 | HP: 6/162 [wolf spider[a broodmother] (8)]
 31642 | Spider:2 | HP: 2/162 [poisoned by a wolf spider]
 31845 | Spider:3 | Reached skill level 19 in Fighting
 32209 | Spider:3 | Identified the +3 falchion "Abru" {antimagic, Str+5}
 32790 | Spider:3 | Noticed an acid blob
 32798 | Spider:3 | Killed an acid blob
 32799 | Spider:3 | Reached skill level 20 in Fighting
 32893 | Spider:3 | Reached XP level 18. HP: 170/173 MP: 18/18
 32924 | Spider:3 | HP: 8/173 [barbs]
 32931 | Spider:2 | HP: 8/173 [wolf spider simulacrum (8)]
 32938 | Spider:2 | HP: 8/173 [wolf spider simulacrum (13)]
 33419 | Spider:4 | Entered Level 4 of the Spider Nest
 33419 | Spider:4 | Noticed Mara
 35423 | Swamp:3  | Noticed Nikola
 35441 | Swamp:3  | Killed Nikola
 35856 | Swamp:4  | Entered Level 4 of the Swamp
 35859 | Swamp:4  | Identified the cursed +8 long sword of Supernal Wisdom
                  | {spect, Fort, Elem} (You subdued it on level 14 of the
                  | Dungeon)
 35861 | Swamp:4  | Identified the cursed +8 long sword of Supernal Wisdom
                  | {spect, Fort, Elem} (You subdued it on level 14 of the
                  | Dungeon)
 35863 | Swamp:4  | Identified the cursed +8 long sword of Supernal Wisdom
                  | {spect, Fort, Elem} (You subdued it on level 14 of the
                  | Dungeon)
 35871 | Swamp:4  | Identified the cursed +8 long sword of Supernal Wisdom
                  | {spect, Fort, Elem} (You subdued it on level 14 of the
                  | Dungeon)
 35928 | Swamp:4  | Identified the cursed +8 long sword of Supernal Wisdom
                  | {spect, Fort, Elem} (You subdued it on level 14 of the
                  | Dungeon)
 35952 | Swamp:3  | Identified the cursed +8 long sword of Supernal Wisdom
                  | {spect, Fort, Elem} (You subdued it on level 14 of the
                  | Dungeon)
 35954 | Swamp:3  | Identified the cursed +8 long sword of Supernal Wisdom
                  | {spect, Fort, Elem} (You subdued it on level 14 of the
                  | Dungeon)
 35958 | Swamp:3  | Identified the cursed +8 long sword of Supernal Wisdom
                  | {spect, Fort, Elem} (You subdued it on level 14 of the
                  | Dungeon)
 36060 | Swamp:3  | Identified the cursed +8 long sword of Supernal Wisdom
                  | {spect, Fort, Elem} (You subdued it on level 14 of the
                  | Dungeon)
 36062 | Swamp:3  | Identified the cursed +8 long sword of Supernal Wisdom
                  | {spect, Fort, Elem} (You subdued it on level 14 of the
                  | Dungeon)
 36066 | Swamp:3  | Identified the cursed +8 long sword of Supernal Wisdom
                  | {spect, Fort, Elem} (You subdued it on level 14 of the
                  | Dungeon)
 36073 | Swamp:3  | HP: 6/175 [19-headed hydra (6)]
 36074 | Swamp:3  | HP: 2/175 [19-headed hydra (5)]
 36074 | Swamp:3  | Mangled by a 19-headed hydra

Illustrated notes

Levels and vault maps discovered:
D:1:      saegor_arrival_simple_b, layout_loops_ring, minmay_ruptured
D:2:      minmay_diamond_boxcup, layout_loops_ring, uniq_robin, uniq_natasha
D:3:      layout_basic, pdpol_wu_jian_five_deadly_venoms,
          mainiacjoe_overflow_cross_hatched, grunt_temple_overflow_open,
          chequers_serial_rivers_micro_a, chequers_mini_garden,
          minmay_misc_feat_rows
D:4:      layout_basic, nicolae_qazlal_general_emergency,
          nicolae_figureground_sparkle
D:5:      layout_loops_ring, minmay_temple_entry_trees, minmay_fountain_box
D:6:      layout_basic, mainiacjoe_overflow_surrounded_room, serial_bayou_pond_e
D:7:      layout_gridville
D:8:      cheibrodos_wizards_tower, layout_loops_ring,
          makhleb_altar_promises_db, uniq_gastronok
D:9:      layout_rooms
D:10:     layout_cave_pools, lemuel_round_altar,
          lemuel_zombie_altar_yredelemnul, small_statue_alley_a, uniq_fannar
D:11:     layout_gridville, erik_lair_dragon, hiddenorc2_lemuel,
          serial_co_window_serial, co_window_paths_a,
          co_window_of_opportunity_a, co_window_paths_b, co_window_corner_a,
          co_window_paths_b, co_window_2corner, co_window_unsneaky_path_a,
          co_window_of_opportunity_b, co_window_broadway_c, co_window_corner_b,
          co_window_4corner_a, glass_columns_b, glass_columns_b, glass_columns_a
D:12:     layout_cave_pools, serial_shops, nicolae_take_the_stairs, uniq_kirke,
          uniq_maurice
D:13:     layout_big_octagon, grunt_ministairs_1
D:14:     layout_basic, erik_vaults_1, hex_intersection,
          nicolae_shop_firing_range, uniq_snorg
D:15:     gammafunk_depths_entry_grave, layout_basic, nzn_ghost_randoct,
          patterned_corridor, uniq_nessos
Lair:1:   layout_regular_city, serial_bayou_shore_a
Lair:2:   nzn_winding_woodlands_huge [nzn_winding_woodlands_5x15_twine,
          nzn_winding_woodlands_5x15_cabin, nzn_winding_woodlands_5x15_garden,
          nzn_winding_woodlands_5x15_river_crossing,
          nzn_winding_woodlands_5x15_zeroes,
          nzn_winding_woodlands_5x15_pathside_ponds,
          nzn_winding_woodlands_5x15_lazy_stream,
          nzn_winding_woodlands_5x15_concentric,
          nzn_winding_woodlands_5x15_sawtooth,
          nzn_winding_woodlands_5x15_longhouse,
          nzn_winding_woodlands_center_garden,
          nzn_winding_woodlands_center_pierced_h,
          nzn_winding_woodlands_15x15_killbox], layout_regular_city,
          hellmonk_spider_entry_life_and_decay, serial_bayou_pond_d
Lair:3:   layout_cave_pods, nicolae_swamp_entry_splash_gauntlet, basic_altar,
          grunt_megastairs_4
Lair:4:   layout_cave_pods, portal_ice_cave_entry_pillars_2, uniq_sonja
Lair:5:   evilmike_catoblepas_cave, layout_gridlike, slime_entry_1
Swamp:1:  layout_falls_marsh, nicolae_swamp_tree_designs,
          infiniplex_staircase_pool
Swamp:2:  layout_basic_swamp, evilmike_swamp_ruin_house_2
Swamp:3:  layout_falls_marsh, serial_swamp_ruin, evilmike_swamp_ruin_house_1,
          evilmike_swamp_ruin_house_3, evilmike_swamp_ruin_house_4, swamp_pool3,
          uniq_nikola
Swamp:4:  swamp_alternative, layout_basic_swamp, swamp_pool2
Spider:1: layout_cave_pods, uniq_donald
Spider:2: nicolae_spider_hilbert_zone_3 [nicolae_spider_hilbert_4_sides_2_open,
          nicolae_spider_hilbert_3_sides_1_open,
          nicolae_spider_hilbert_3_sides_1_open,
          nicolae_spider_hilbert_3_sides_1_open,
          nicolae_spider_hilbert_3_sides_1_open,
          nicolae_spider_hilbert_4_sides_1_open,
          nicolae_spider_hilbert_4_sides_1_open,
          nicolae_spider_hilbert_4_sides_1_open,
          nicolae_spider_hilbert_4_sides_1_open,
          nicolae_spider_hilbert_4_sides_1_open,
          nicolae_spider_hilbert_4_sides_1_open,
          nicolae_spider_hilbert_4_sides_1_open,
          nicolae_spider_hilbert_4_sides_1_open,
          nicolae_spider_hilbert_3_sides_1_open,
          nicolae_spider_hilbert_3_sides_1_open,
          nicolae_spider_hilbert_3_sides_1_open,
          nicolae_spider_hilbert_3_sides_1_open], uniq_mlioglotl, uniq_louise
Spider:3: nicolae_spider_brood_tunnel, nicolae_spider_acid_house
Spider:4: guppyfry_spider_rune, hangedman_spider_tarantella_strand,
          uniq_arachne, uniq_roxanne, uniq_mara, uniq_bai_suzhen
Orc:1:    layout_caves, nicolae_orc_stony_grotto, guppyfry_library_mini
Orc:2:    grunt_orc_tribal_feast, layout_caves, basic_altar, minmay_orc_temple_b

Skill      XL: |  1  2  3  4  5  6  7  8  9 10 11 12 13 14 15 16 17 18 |
---------------+-------------------------------------------------------+-----
Long Blades    | 3 4 5 6 7 8 9 12 13 | 13.6
Fighting       | 4 5 6 10 12 13 14 15 17 20 | 20.1
Dodging        | 2 3 5 6 9 12 14 15 16 17 | 17.6
Armour         | 3 6 7 8 9 10 11 12 | 12.0
Evocations     | 3 4 5 7 8 9 |  9.8
Shields        | 4 6 7 8 11 12 13 | 13.7

Action                     |  1- 3 |  4- 6 |  7- 9 | 10-12 | 13-15 | 16-18 || total
---------------------------+-------+-------+-------+-------+-------+-------++-------
  Melee: Long sword        |   130 |   237 |   356 |  1044 |  2663 |  2510 ||  6940
         Rapier            |       |     4 |       |       |   163 |       ||   167
         Tailslap          |       |       |       |       |    10 |    30 ||    40
         Unarmed           |       |       |       |       |     9 |       ||     9
 Invoke: Curse Item        |       |     2 |     2 |     3 |     5 |     3 ||    15
         Shatter the Chain |       |       |       |       |     2 |     3 ||     5
  Evoke: Wand              |       |       |     5 |    35 |    14 |    41 ||    95
         Phantom mirror    |       |       |       |     1 |     2 |     1 ||     4
         Condenser vane    |       |       |       |       |       |     2 ||     2
         Lightning rod     |       |       |       |       |       |     5 ||     5
    Use: Scroll            |       |       |     1 |     2 |     2 |     9 ||    14
         Potion            |       |       |     1 |     7 |     5 |    26 ||    39
   Stab: Distracted        |       |       |       |       |     1 |     8 ||     9
         Petrified         |       |       |       |       |     5 |       ||     5
         Betrayed ally     |       |       |       |       |     1 |       ||     1
 Armour: Scale mail        |    87 |    91 |   167 |   439 |   616 |       ||  1400
         Plate armour      |       |       |       |       |   357 |  1485 ||  1842
  Dodge: Dodged            |    64 |   106 |   186 |   582 |  1562 |  1362 ||  3862
  Block: Buckler           |    33 |    59 |    85 |   305 |   919 |   468 ||  1869
         Kite shield       |       |       |       |       |       |  1347 ||  1347
         Reflection        |       |       |       |       |       |    10 ||    10

Table legend: (Time is in decaauts)
 A = Elapsed time spent in this place.
 B = Non-inter-level travel time spent in this place.
 C = Inter-level travel time spent in this place.
 D = Time resting spent in this place.
 E = Time spent auto-exploring this place.
 F = Levels seen in this place.
 G = Mean time per level.
                   A        B        C        D        E       F      G
               +--------+--------+--------+--------+--------+-----+--------+
         Total |  34378 |  32084 |   2294 |   4527 |  15781 |  31 | 1109.0 |
       Dungeon |  13939 |  12733 |   1206 |   1148 |   7215 |  15 |  929.3 |
          Lair |   9455 |   8775 |    680 |   1099 |   4462 |   5 | 1891.0 |
         Swamp |   2097 |   2059 |     38 |    570 |    925 |   4 |  524.2 |
   Spider Nest |   5371 |   5115 |    256 |   1189 |   1981 |   4 | 1342.8 |
  Orcish Mines |   2288 |   2176 |    112 |    285 |    854 |   2 | 1144.0 |
      Ice Cave |   1224 |   1224 |      0 |    235 |    343 |   1 | 1224.0 |
               +--------+--------+--------+--------+--------+-----+--------+

Top non-repeatable levels by time:
  Lair:2: 3117 daAuts
Spider:2: 2403 daAuts
    D:11: 1965 daAuts
  Lair:5: 1872 daAuts
  Lair:3: 1845 daAuts
Spider:1: 1606 daAuts
  Lair:4: 1509 daAuts
Spider:3: 1360 daAuts
    D:15: 1282 daAuts
   IceCv: 1224 daAuts
   Orc:2: 1177 daAuts
   Orc:1: 1111 daAuts
  Lair:1: 1110 daAuts
     D:1: 1081 daAuts
     D:5: 998 daAuts
